 Dungeon Crawl Stone Soup version 0.22-a0-284-g99d1f74 (console) character file.

46740 swinepaste the Grappler (level 14, 0/140 HPs)
             Began as a Troll Monk on Jan 17, 2018.
             Was the Champion of Wu Jian.
             Engulfed by a cloud of freezing vapour (4 damage)
             ... in a labyrinth on Mar 20, 2018.
             The game lasted 01:06:34 (18545 turns).

swinepaste the Grappler (Troll Monk)               Turns: 18545, Time: 01:06:35

Health: 0/140      AC:  9    Str: 24    XL:     14   Next: 6%
Magic:  15/19      EV: 16    Int:  6    God:    Wu Jian [******]
Gold:   1290       SH:  0    Dex: 16    Spells: 18/21 levels left

rFire    + . .     SeeInvis .     - Unarmed
rCold    + . .     Gourm    +   (no shield)
rNeg     . . .     Faith    +   T - +1 robe {rC+}
rPois    .         Spirit   .   Q - +0 hat
rElec    .         Reflect  .   M - +2 cloak {+Inv}
rCorr    .         Harm     .   (gloves unavailable)
MR       +....                  (boots unavailable)
Stlth    ++........             m - amulet of faith
HPRegen  0.73/turn              O - +2 ring of strength
MPRegen  0.16/turn              K - ring of protection from fire

@: serpent's lash
A: large, unfitting armour, claws 3, fast metabolism 3, gourmand, regeneration
1, shaggy fur 1, tough skin 2
a: Wall Jump, Serpent's Lash, Heavenly Storm, Renounce Religion, Evoke
Invisibility


You were in a labyrinth.
You worshipped Wu Jian.
Wu Jian was exalted by your worship.
You were full.

You visited 3 branches of the dungeon, and saw 18 of its levels.
You also visited: Labyrinth, Sewer and Ossuary.

You collected 1290 gold pieces.

Inventory:

Missiles
 J - a javelin of returning (quivered)
Armour
 a - a +0 robe
 k - a +0 large shield
 M - a +2 cloak of invisibility (worn)
 Q - a +0 hat (worn)
 T - a +1 robe of cold resistance (worn)
Jewellery
 m - an amulet of faith (around neck)
 p - an uncursed amulet of rage
 B - an uncursed ring of magical power
 I - the amulet "Archeagg" {Gourm +Inv}
   (You found it on level 11 of the Dungeon)

   [amulet of the gourmand]

   It allows you to eat raw meat even when not hungry.
   It lets you turn invisible.
 K - a ring of protection from fire (right claw)
 O - a +2 ring of strength (left claw)
 U - an uncursed amulet of magic regeneration
Wands
 v - a wand of iceblast (24)
 w - a wand of polymorph (34)
 x - a wand of paralysis (6)
 y - a wand of clouds (6)
 z - a wand of flame (12)
 D - a wand of acid (11)
 R - a wand of digging (7)
Scrolls
 c - a scroll of immolation
 e - 3 scrolls of identify
 f - 3 scrolls of blinking
 g - 8 scrolls of teleportation
 h - 7 scrolls of magic mapping
 i - a scroll of enchant armour
 l - 5 scrolls of remove curse
 o - a scroll of amnesia
 r - 2 scrolls of fear
 u - 7 scrolls of enchant weapon
Potions
 d - 8 potions of brilliance
 j - 11 potions of curing
 n - 2 potions of lignification
 q - 5 potions of haste
 s - 2 potions of might
 t - 3 potions of ambrosia
 A - 7 potions of agility
 C - 3 potions of mutation
 E - 6 potions of cancellation
 F - 5 potions of flight
 G - a potion of heal wounds
 H - a potion of invisibility {unknown}
 P - a potion of magic {unknown}
Comestibles
 b - 38 rations


   Skills:
 + Level 9.2 Fighting
 + Level 9.9 Dodging
 - Level 1.0 Stealth
 - Level 14.0 Unarmed Combat
 - Level 4.0 Spellcasting
 - Level 2.6 Hexes
 - Level 6.2 Translocations
 - Level 5.6 Evocations


You had 18 spell levels left.
You knew the following spells:

 Your Spells              Type           Power        Failure   Level  Hunger
b - Blink                 Tloc           N/A          3%          2    ###....
c - Confusing Touch       Hex            #.....       12%         1    ##.....


Dungeon Overview and Level Annotations

Branches:
Dungeon (11/15)            Temple (1/1) D:5            Lair (6/6) D:9
  Swamp (0/4) Lair:3       Spider (0/4) Lair:3        Slime (0/5) Lair:6
    Orc: D:9-12

Altars:
Ashenzari
Cheibriados
Dithmenos
Elyvilon
Fedhas
Gozag
Hepliaklqana
Kikubaaqudgha
Makhleb
Nemelex Xobeh
Okawaru
Qazlal
Ru
Sif Muna
Trog
Uskayaw
Vehumet
Wu Jian
Xom
Yredelemnul
Zin
The Shining One
Jiyva

Shops:
D:6 (

Portals:
Bazaar: D:11


Innate Abilities, Weirdness & Mutations

You are too large for most types of armour.
You have claws for hands.
Your metabolism is lightning-fast.
You like to eat raw meat.
Your natural rate of healing is unusually fast.
You are covered in fur. (AC +1)
You have very tough skin. (AC +2)


Message History

You blink.
You feel much better.
The minotaur throws a javelin of returning.
The javelin of returning hits you!
* * * LOW HITPOINT WARNING * * *
The weapon returns to the minotaur!
Evoke which item? (* to show all) (? for menu, Esc to quit)
Aiming: Cloud Cone
Press: ? - help, Dir - move target cursor, f - minotaur
Aim: a minotaur, wearing a plate armour (severely wounded)
You create a blast of freezing vapour!
The minotaur is engulfed in freezing vapours.
The minotaur throws a javelin of returning.
The javelin of returning hits you!!
* * * LOW HITPOINT WARNING * * *
The weapon returns to the minotaur!
Casting: Blink (safe; 3% risk of failure)
Confirm with . or Enter, or press ? or * to list all spells.
You blink.
You are engulfed in freezing vapours.
You resist.
You die...

. . # . .#
###.# .. .#
#.# .. . .
...#.# . #.
# . # ...
..... #. ..#
..# #. # .
.... ..
#..#######.#
# #
#§§T§§#.# #
.#.###H#.# #
#.# #.#.# #
## #. #.#
#.#.# . . ..
.#.# #.#.#
.#
#####..#.#
..# #. # .
#.#####. . #
.#... .
.#.## ## #
.# ###### .
..


You could see a minotaur.

Vanquished Creatures
  Gastronok (D:9)
  The ghost of SlappyJoe the Severer, a journeyman MiBe of Trog (Lair:5)
  Nessos (Lair:5)
  Harold (Lair:2)
  3 hydras
  An alligator (Lair:2)
  2 two-headed ogres
  7 death yaks
  A satyr (Lair:2)
  The ghost of Joshtr2000 the Ruffian, a novice TrMo of Wu Jian (D:7)
  Nergalle (Lair:3)
  An orb spider (Lair:3)
  2 oklob plants (D:9)
  A centaur zombie (D:10)
  5 elephants
  Psyche (D:9)
  3 black mambas
  7 spiny frogs
  3 rime drakes (Lair:5)
  3 komodo dragons
  5 polar bears
  Prince Ribbit (D:7)
  2 hornets (Lair:6)
  6 hippogriffs
  17 blink frogs
  3 dream sheep (Lair:6)
  The ghost of Joshtr2000 the Charlatan, an amateur KoAr of Nemelex Xobeh (D:4)
  13 spriggans
  9 yaks
  A wyvern (Lair:6)
  A basilisk (Lair:6)
  6 swamp worms (Lair:3)
  11 water moccasins
  8 porcupines
  7 black bears
  3 orc warriors (D:9)
  3 ice beasts
  A sky beast (D:7)
  7 centaurs
  7 ogres
  5 boggarts (Lair:6)
  53 wolves
  A phantom (D:4)
  7 crocodiles
  The ghost of GrunderHorse the Chiller, an amateur MfIE (D:3)
  3 big kobolds
  19 bullfrogs
  A scorpion (D:5)
  10 killer bees
  An electric eel (Lair:3)
  8 howler monkeys (D:7)
  4 crimson imps
  A bullfrog zombie (D:8)
  9 orc priests
  4 centaur skeletons
  Crazy Yiuf (D:7)
  A bullfrog skeleton (D:5)
  2 hounds
  6 jellies (D:7)
  Terence (D:3)
  Natasha (twice) (D:3)
  Ijyb (D:3)
  5 iguanas
  7 orc wizards
  8 worker ants
  A hound skeleton (D:5)
  8 mummies (Ossuary)
  A worker ant zombie (D:5)
  11 gnolls
  14 adders
  2 shadow imps
  2 oozes
  An adder skeleton (D:5)
  4 worms
  3 dart slugs
  7 leopard geckos
  38 orcs
  8 bats
  12 giant cockroaches
  2 gnoll zombies (Ossuary)
  12 hobgoblins
  15 jackals
  16 kobolds
  10 quokkas
  A ball python zombie (D:6)
  4 frilled lizards
  6 goblins
  A hobgoblin zombie (Ossuary)
  2 kobold zombies (Ossuary)
  A leopard gecko skeleton (D:4)
  3 orc zombies (Ossuary)
  2 quokka zombies
  19 rats
  A butterfly (D:5)
  2 fungi
  3 plants (D:2)
531 creatures vanquished.

Vanquished Creatures (collateral kills)
  A killer bee (D:11)
1 creature vanquished.

Vanquished Creatures (others)
  24 fungi
  14 plants
38 creatures vanquished.

Grand Total: 570 creatures vanquished

Notes
Turn   | Place    | Note
-------+----------+-------------------------------------------
     0 | D:1      | swinepaste the Troll Monk began the quest for the Orb.
     0 | D:1      | Reached XP level 1. HP: 22/22 MP: 0/0
   166 | D:1      | Reached XP level 2. HP: 27/29 MP: 1/1
   464 | D:1      | Reached skill level 4 in Unarmed Combat
   607 | D:1      | Reached XP level 3. HP: 36/36 MP: 2/2
  1127 | D:2      | Reached XP level 4. HP: 37/44 MP: 3/3
  1176 | D:2      | Reached skill level 5 in Unarmed Combat
  1718 | D:2      | Found a hazy altar of Hepliaklqana.
  2087 | D:3      | Noticed GrunderHorse's ghost (amateur MfIE)
  2096 | D:3      | Killed GrunderHorse's ghost
  2096 | D:3      | Reached skill level 6 in Unarmed Combat
  2096 | D:3      | Reached XP level 5. HP: 50/50 MP: 4/4
  2200 | D:3      | Noticed Terence
  2212 | D:3      | Killed Terence
  2266 | D:3      | Reached XP level 6. HP: 59/59 MP: 5/5
  2314 | D:3      | Reached skill level 7 in Unarmed Combat
  2393 | D:3      | Noticed Natasha
  2398 | D:3      | Killed Natasha
  2415 | D:3      | Found a bloodstained altar of Trog.
  2482 | D:3      | Noticed Ijyb
  2488 | D:3      | Killed Ijyb
  2766 | D:3      | Noticed Natasha
  2775 | D:3      | Killed Natasha
  2833 | D:4      | Reached skill level 8 in Unarmed Combat
  2833 | D:4      | Reached XP level 7. HP: 48/66 MP: 6/6
  2878 | D:4      | Found a deep blue altar of Sif Muna.
  2902 | D:4      | Noticed Joshtr2000's ghost (amateur KoAr)
  2912 | D:4      | Killed Joshtr2000's ghost
  2912 | D:4      | Reached skill level 9 in Unarmed Combat
  3045 | D:4      | Found a shadowy altar of Dithmenos.
  3348 | D:4      | Reached XP level 8. HP: 74/74 MP: 7/7
  3547 | D:5      | Entered Level 5 of the Dungeon
  3554 | D:5      | Reached skill level 10 in Unarmed Combat
  3610 | D:5      | You fall through a shaft for 2 floors!
  3624 | D:7      | Found a blossoming altar of Fedhas.
  3692 | D:7      | Found a sand-covered staircase.
  3697 | Ossuary  | Entered an ossuary
  3964 | D:7      | Noticed Prince Ribbit
  4014 | D:7      | Killed Prince Ribbit
  4065 | D:7      | Found a runed door.
  4093 | D:7      | Reached skill level 5 in Fighting
  4117 | D:7      | Reached XP level 9. HP: 63/88 MP: 8/8
  4146 | D:7      | Noticed Joshtr2000's ghost (novice TrMo)
  4156 | D:7      | Killed Joshtr2000's ghost
  4249 | D:5      | Found a glowing drain.
  4267 | Sewer    | Entered a sewer
  4459 | Sewer    | Found a white marble altar of Elyvilon.
  4652 | D:5      | Found a staircase to the Ecumenical Temple.
  4698 | Temple   | Entered the Ecumenical Temple
  4761 | Temple   | Became a worshipper of the Wu Jian Council
  4761 | Temple   | Reached * piety under Wu Jian
  4761 | Temple   | Reached ** piety under Wu Jian
  5221 | D:6      | Reached skill level 5 in Dodging
  5223 | D:6      | Found an opulent altar of Gozag.
  5277 | D:6      | Found a glowing golden altar of the Shining One.
  5461 | D:6      | Found Seab Led's Weapon Emporium.
  5605 | D:6      | Found a glowing silver altar of Zin.
  5606 | D:6      | Noticed an angel
  5818 | D:7      | Reached *** piety under Wu Jian
  5957 | D:7      | Reached XP level 10. HP: 85/102 MP: 9/9
  6215 | D:7      | Upgraded the game from 0.22-a0-79-g605b837 to 0.22-a0-117-g314b907
  6445 | D:7      | Reached **** piety under Wu Jian
  6472 | D:7      | Identified the Reference Book on Glacial Translocation
  6564 | D:7      | Learned a level 2 spell: Blink
  6566 | D:7      | Learned a level 1 spell: Confusing Touch
  6755 | D:7      | Noticed Crazy Yiuf
  6762 | D:7      | Killed Crazy Yiuf
  7380 | D:9      | Noticed Gastronok
  7414 | D:9      | Killed Gastronok
  7414 | D:9      | Reached skill level 11 in Unarmed Combat
  7531 | D:9      | Reached skill level 12 in Unarmed Combat
  7578 | D:9      | Found a radiant altar of Vehumet.
  7596 | D:9      | Noticed a two-headed ogre
  7607 | D:9      | Killed a two-headed ogre
  7607 | D:9      | Reached XP level 11. HP: 33/109 MP: 10/10
  8014 | D:9      | Noticed Psyche
  8022 | D:9      | Killed Psyche
  8116 | D:9      | Found a blossoming altar of Fedhas.
  8119 | D:9      | Noticed an oklob plant
  8119 | D:9      | Noticed an oklob plant
  8125 | D:9      | Killed an oklob plant
  8183 | D:9      | Killed an oklob plant
  8306 | D:9      | Found a staircase to the Lair.
  8426 | D:9      | Reached skill level 13 in Unarmed Combat
  8711 | D:10     | Entered Level 10 of the Dungeon
  8719 | D:10     | Noticed a two-headed ogre
  8724 | D:10     | Killed a two-headed ogre
  9324 | Lair:1   | Entered Level 1 of the Lair of Beasts
  9925 | Lair:1   | Reached skill level 14 in Unarmed Combat
 10611 | Lair:2   | Reached skill level 1 in Evocations
 10633 | Lair:2   | Noticed a six-headed hydra
 10635 | Lair:2   | Noticed a satyr
 10635 | Lair:2   | a six-headed hydra changed into a satyr
 10650 | Lair:2   | Killed a satyr
 11008 | Lair:2   | Noticed a seven-headed hydra
 11013 | Lair:2   | Noticed an alligator
 11013 | Lair:2   | a seven-headed hydra changed into an alligator
 11019 | Lair:2   | Killed an alligator
 11019 | Lair:2   | Reached ***** piety under Wu Jian
 11171 | Lair:2   | Noticed Harold
 11184 | Lair:2   | Killed Harold
 11462 | Lair:3   | Noticed Nergalle
 11476 | Lair:3   | Killed Nergalle
 11476 | Lair:3   | Reached XP level 12. HP: 101/118 MP: 14/14
 11620 | Lair:3   | Reached skill level 5 in Evocations
 11937 | Lair:3   | Noticed a six-headed hydra
 11960 | Lair:3   | Killed a nine-headed hydra
 11960 | Lair:3   | Reached skill level 1 in Spellcasting
 11960 | Lair:3   | Reached skill level 1 in Translocations
 11996 | Lair:3   | Found a hole to the Spider Nest.
 12188 | Lair:3   | Found a staircase to the Swamp.
 12549 | Lair:3   | Upgraded the game from 0.22-a0-117-g314b907 to 0.22-a0-284-g99d1f74
 13658 | Lair:5   | Reached skill level 5 in Translocations
 14106 | Lair:5   | Noticed a death yak
 14107 | Lair:5   | Noticed a death yak
 14107 | Lair:5   | Noticed SlappyJoe's ghost (journeyman MiBe)
 14131 | Lair:5   | Noticed a death yak
 14133 | Lair:5   | Killed a death yak
 14134 | Lair:5   | Noticed a death yak
 14147 | Lair:5   | Killed a death yak
 14147 | Lair:5   | Reached XP level 13. HP: 62/124 MP: 17/17
 14347 | Lair:5   | Noticed Nessos
 14368 | Lair:5   | Killed Nessos
 14623 | Lair:5   | Killed SlappyJoe's ghost
 14623 | Lair:5   | Reached skill level 1 in Hexes
 15568 | Lair:6   | Entered Level 6 of the Lair of Beasts
 15595 | Lair:6   | Found a staircase to the Slime Pits.
 15596 | Lair:6   | Found a viscous altar of Jiyva.
 15886 | Lair:6   | Reached ****** piety under Wu Jian
 17429 | Lair:6   | Reached XP level 14. HP: 125/140 MP: 19/19
 17549 | Lair:6   | Found an opulent altar of Gozag.
 18128 | D:11     | Found a gateway to a bazaar.
 18176 | D:11     | Got a flickering ivory amulet
 18178 | D:11     | Identified the amulet "Archeagg" {Gourm +Inv} (You found it on level 11 of the Dungeon)
 18188 | D:11     | Found a labyrinth entrance.
 18193 | Lab      | Entered a labyrinth
 18544 | Lab      | HP: 4/140 [minotaur/javelin of returning (28)]
 18545 | Lab      | Engulfed by a cloud of freezing vapour

Vault maps used:
D:1:      dpeg_arrival_shrine
D:2:      wad_woods_settlement, marbit_many_paths, minmay_hexomino_u4
D:3:      lemuel_coloured_pillars_altar, minmay_three_crescents, uniq_natasha,
          uniq_ijyb, uniq_terence
D:4:      overflow_temple_1_default, first_ration, grunt_dithmenos_shadows
D:5:      minmay_temple_entry_butterflies, portal_sewer_entry_a
D:6:      zin_angel, basic_altar, serial_shops, shop,
          hangedman_decor_peaks_small, tso_altar
D:7:      minmay_the_grid_octo_tiled_squarecenter, fedhas_altar_4,
          enter_ossuary_5, the_bakery, kennysheep_doodads, nrook_loot_triangle,
          uniq_crazy_yiuf_cottage, uniq_prince_ribbit1
D:8:      minivault_19
D:9:      lemuel_doored_altar, lair_entry_dummy, minivault_1,
          hangedman_tree_tricks, lightli_orcish_oven, uniq_psyche,
          uniq_gastronok
D:11:     serial_shops, freezing_bzr, lab_entry_generic, minivault_7, uniq_sonja
Temple:   nicolae_temple_x_marks_the_god
Lair:2:   st_stairs_11, uniq_harold
Lair:3:   nicolae_swamp_entry_splash_gauntlet,
          nicolae_spider_entry_orb_guardian, infiniplex_staircase_pool,
          uniq_nergalle
Lair:4:   st_stairs_7, grunt_forest_large_clearings
Lair:5:   lemuel_fruit_fields, uniq_nessos
Lair:6:   minmay_lair_end_enchanted_forest, slime_altar_1, basic_altar
Lab:      labyrinth_spiral
Sewer:    sewer_kobolds
Ossuary:  ossuary_tomb_3

Skill      XL: |  1  2  3  4  5  6  7  8  9 10 11 12 13 |
---------------+----------------------------------------+-----
Unarmed Combat | 4 6 8 9 10 12 14 | 14.0
Fighting       | 5 7 9 |  9.2
Dodging        | 6 8 9 |  9.9
Evocations     | 4 5 |  5.6
Spellcasting   | 3 4 |  4.0
Translocations | 5 6 |  6.2
Hexes          | 2 |  2.6
Stealth        | |  1.0

Action                   |  1- 3 |  4- 6 |  7- 9 | 10-12 | 13-15 || total
-------------------------+-------+-------+-------+-------+-------++-------
Melee: Unarmed           |   108 |   227 |   330 |   669 |   455 ||  1789
       Punch             |       |    10 |    15 |    40 |    30 ||    95
 Cast: Blink             |       |       |       |       |     3 ||     3
Invok: Lunge             |       |       |     9 |    78 |    51 ||   138
       Whirlwind         |       |       |     8 |   115 |    77 ||   200
       Wall Jump         |       |       |     2 |    39 |    15 ||    56
       Serpent's Lash    |       |       |       |     6 |     3 ||     9
 Abil: Evoke Berserk Rag |       |     3 |     2 |       |       ||     5
       Wall Jump         |       |       |       |     1 |       ||     1
Evoke: Wand              |       |       |     2 |    21 |    12 ||    35
  Use: Potion            |     2 |       |       |     4 |     2 ||     8
       Scroll            |       |     3 |     3 |    24 |     3 ||    33
 Stab: Sleeping          |     5 |     4 |     3 |    10 |     1 ||    23
       Distracted        |       |       |       |     1 |       ||     1
       Paralysed         |       |       |       |     3 |    10 ||    13
       Confused          |       |       |       |       |     1 ||     1
  Eat: Chunk             |    16 |    19 |    31 |    75 |    37 ||   178
Armor: Robe              |    30 |    60 |    69 |   112 |    87 ||   358
Dodge: Dodged            |    31 |    92 |   112 |   350 |   225 ||   810

Table legend:
 A = Spawn XP
 B = Non-spawn XP
 C = Spawn XP percentage of total XP
 D = Spawn monster count
 E = Non-spawn monster count
 F = Spawn count percentage of total count
 G = Total turns spent on level
                    A         B        C        D         E        F      G
               +---------+---------+-------+---------+---------+-------+---------
         Total |       0 |   66772 |   0.0 |       0 |     526 |   0.0 | 18545
               +---------+---------+-------+---------+---------+-------+---------
           D:1 |       0 |      53 |   0.0 |       0 |      25 |   0.0 |   954
           D:2 |       0 |     128 |   0.0 |       0 |      36 |   0.0 |  1133
           D:3 |       0 |     516 |   0.0 |       0 |      48 |   0.0 |   722
           D:4 |       0 |     833 |   0.0 |       0 |      25 |   0.0 |   738
           D:5 |       0 |     827 |   0.0 |       0 |      24 |   0.0 |   761
           D:6 |       0 |     608 |   0.0 |       0 |      21 |   0.0 |   667
           D:7 |       0 |    4489 |   0.0 |       0 |      62 |   0.0 |  1420
           D:8 |       0 |     512 |   0.0 |       0 |      12 |   0.0 |   589
           D:9 |       0 |    5838 |   0.0 |       0 |      33 |   0.0 |  1433
          D:10 |       0 |    1913 |   0.0 |       0 |       9 |   0.0 |   591
          D:11 |       0 |     387 |   0.0 |       0 |       7 |   0.0 |    82
        Lair:1 |       0 |    2037 |   0.0 |       0 |      11 |   0.0 |  1450
        Lair:2 |       0 |    3875 |   0.0 |       0 |       8 |   0.0 |   893
        Lair:3 |       0 |    7499 |   0.0 |       0 |      30 |   0.0 |  1362
        Lair:4 |       0 |    5461 |   0.0 |       0 |      37 |   0.0 |   935
        Lair:5 |       0 |   11770 |   0.0 |       0 |      30 |   0.0 |  1806
        Lair:6 |       0 |   19759 |   0.0 |       0 |      81 |   0.0 |  2120
         Sewer |       0 |     110 |   0.0 |       0 |      11 |   0.0 |   238
       Ossuary |       0 |     157 |   0.0 |       0 |      16 |   0.0 |   231
               +---------+---------+-------+---------+---------+-------+---------
